 Dungeon Crawl Stone Soup version 0.25.0-37-gb73750e0fb (webtiles) character file.

Game seed: 13610346714708579504

81 MisterFreud the Chiller (level 4, 35/35 HPs)
             Began as a Demonspawn Ice Elementalist on July 8, 2020.
             Got out of the dungeon alive.
             The game lasted 00:03:26 (1561 turns).

MisterFreud the Chiller (DsIE)                      Turns: 1561, Time: 00:03:26

Health: 35/35      AC:  4    Str:  9    XL:     4   Next: 19%
Magic:  7/7        EV: 12    Int: 17    God:
Gold:   46         SH:  0    Dex: 13    Spells: 7/8 levels left

rFire    . . .     SeeInvis .   b - +0 short sword
rCold    . . .     Gourm    .   (no shield)
rNeg     . . .     Faith    .   a - +0 robe
rPois    .         Spirit   .   (no helmet)
rElec    .         Reflect  .   (no cloak)
rCorr    .         Harm     .   (no gloves)
MR       .....                  (no boots)
Stlth    +++.......             (no amulet)
HPRegen  0.11/turn              (no ring)
MPRegen  0.10/turn              (no ring)

@: no status effects
A: slimy green scales 1, nightstalker 1, rot immunity
a: no special abilities


You escaped.
You were hungry.

You visited 1 branch of the dungeon, and saw 2 of its levels.

You collected 46 gold pieces.

Inventory:

Hand Weapons
 b - a +0 short sword (weapon)
Missiles
 d - 2 atropa-tipped darts (quivered)
Armour
 a - a +0 robe (worn)
Scrolls
 g - a scroll of magic mapping {unknown}
 h - a scroll of identify {unknown}
Potions
 e - 3 potions of haste {unknown}
 f - a potion of curing {unknown}
 i - a potion of might {unknown}
Comestibles
 c - 2 rations


   Skills:
 - Level 3.0 Fighting
 - Level 1.7 Dodging
 - Level 1.7 Stealth
 + Level 2.5 Spellcasting
 + Level 4.0 Ice Magic


You had 7 spell levels left.
You knew the following spells:

 Your Spells              Type           Power        Failure   Level  Hunger
a - Freeze                Ice            ###.         3%          1    #......

Your spell library contained the following spells:

 Spells                   Type           Power        Failure   Level  Hunger
 Frozen Ramparts          Ice            ###...       11%         3    ###....
 Ozocubu's Armour         Chrm/Ice       #.......     24%         3    ###....
 Hailstorm                Conj/Ice       #.......     63%         4    #####..
 Summon Ice Beast         Ice/Summ       #.......     63%         4    #####..


Dungeon Overview and Level Annotations

Branches:
Dungeon (2/15)

Altars:
Gozag
Nemelex Xobeh


Innate Abilities, Weirdness & Mutations

You are partially covered in slimy green scales. (AC +2)
You are slightly more attuned to the shadows.
You are immune to rotting.


Message History

You freeze the kobold.
You kill the kobold!
(D) Dungeon
Where to? (Enter - D:1 @ (x,y), ? - help)
What level of the Dungeon? (default 1, ? - help)
There is a stone staircase leading up here.
You climb upwards.
There is a stone staircase leading down here.
You can't go up here!
You are feeling hungry.
You can't go up here!
(D) Dungeon
Where to? (Enter - D:1 @ (x,y), ? - help)
You see here a +0 mace.
HP restored.
Magic restored.
There is an open door here.
There is a staircase leading out of the dungeon here.
Are you sure you want to leave the Dungeon?
This will make you lose the game!
You have escaped!

♣♣♣ #♣@♣# #8.8#
##'## #.# #.# #.#
#.#
#.################
#.................


There were no monsters in sight!

Vanquished Creatures
  A worker ant (D:2)
  An adder (D:2)
  A dart slug (D:1)
  A leopard gecko (D:1)
  4 giant cockroaches (D:1)
  5 goblins
  5 hobgoblins
  4 jackals (D:1)
  7 kobolds
  A ball python (D:1)
  6 bats
  A frilled lizard (D:1)
  5 rats (D:1)
42 creatures vanquished.

Notes
Turn   | Place    | Note
-------+----------+-------------------------------------------
     0 | D:1      | MisterFreud the Demonspawn Ice Elementalist began the quest
                  | for the Orb.
     0 | D:1      | Reached XP level 1. HP: 13/13 MP: 3/3
    82 | D:1      | Reached skill level 1 in Fighting
   197 | D:1      | Gained mutation: You are slightly more attuned to the
                  | shadows. [demonic ancestry]
   197 | D:1      | Reached XP level 2. HP: 22/22 MP: 1/5
   806 | D:1      | Gained mutation: You are partially covered in slimy green
                  | scales. (AC +2) [demonic ancestry]
   806 | D:1      | Reached XP level 3. HP: 27/28 MP: 4/6
  1460 | D:2      | Found a sparkling altar of Nemelex Xobeh.
  1461 | D:2      | Found an opulent altar of Gozag.
  1468 | D:2      | Reached skill level 4 in Ice Magic
  1468 | D:2      | Gained mutation: You are immune to rotting. [demonic
                  | ancestry]
  1468 | D:2      | Reached XP level 4. HP: 28/35 MP: 1/7
  1561 | D:$      | Got out of the dungeon alive.

Illustrated notes

Levels and vault maps discovered:
D:1:      saegor_arrival_simple_b, layout_loops_ring, serial_forest,
          infiniplex_forest_end_2, infiniplex_forest_straight_2,
          infiniplex_forest_corner_1, infiniplex_forest_clump_C,
          infiniplex_forest_join, infiniplex_forest_clump_tiny,
          infiniplex_forest_clump_tiny, infiniplex_forest_straight_5
D:2:      layout_basic, grunt_temple_overflow_opulence, minivault_19,
          led_sif_pool

Skill      XL: |  1  2  3 |
---------------+----------+-----
Fighting       | 1 2 3 |  3.0
Ice Magic      | 4 |  4.0
Dodging        | |  1.7
Stealth        | |  1.7
Spellcasting   | |  2.5

Action                   |  1- 3 |  4- 6 || total
-------------------------+-------+-------++-------
Melee: Short sword       |    32 |       ||    32
 Cast: Freeze            |    46 |     2 ||    48
 Stab: Sleeping          |     8 |       ||     8
  Eat: Chunk             |     2 |       ||     2
Armor: Robe              |    31 |       ||    31
Dodge: Dodged            |    41 |     1 ||    42
